Map: [ESL] Cosmic Sapphire

Players

PattyMac

  • Race: Protoss Protoss
  • Spawn Location: 5:00

Scarlett - Winner!

  • Race: Zerg Zerg
  • Spawn Location: 11:00

Event: DreamHack SC2 Masters 2022 Atlanta (Online)

VOD

Have the link to the VOD?

Description

Time

  • Played on: Oct. 5, 2022, 5:16 p.m.
  • Length: 18:53

All games in this series

Show
View Real Time Build Order
Export as new Build Order

PattyMac Protoss 

Build Orders: 1 Gate Expand, Mass Adepts 

Get SALT Encoding   

  12  0:00  Probe  
  13  0:12  Probe  
  14  0:20  Pylon  
  14  0:24  Probe  
  15  0:38  Probe (Chrono Boost)  
  15  0:39  Gateway  
  16  0:47  Probe (Chrono Boost)  
  17  0:51  Assimilator  
  17  0:52  Probe  
  18  1:05  Probe  
  19  1:18  Probe  
  20  1:27  Cybernetics Core  
  20  1:37  Nexus  
  20  1:42  Probe  
  21  1:47  Pylon  
  21  1:54  Probe, Assimilator  
  22  2:02  Adept (Chrono Boost)  
  22  2:06  Warp Gate (Chrono Boost), Probe  
  25  2:18  Probe  
  26  2:25  Stalker (Chrono Boost)  
  28  2:30  Probe (Chrono Boost)  
  29  2:40  Probe (Chrono Boost), Gateway  
  29  2:43  Gateway  
  30  2:45  Probe  
  30  2:49  Probe  
  32  2:55  Adept (Chrono Boost)  
  32  2:58  Probe  
  35  3:04  Probe  
  36  3:08  Pylon  
  36  3:11  Probe  
  37  3:14  Twilight Council  
  37  3:16  Probe  
  38  3:23  Probe  
  41  3:28  Probe  
  41  3:32  Pylon  
  40  3:35  Probe  
  40  3:40  Probe  
  42  3:47  Probe  
  42  3:48  Adept x3, Resonating Glaives (Chrono Boost)  
  49  3:52  Probe  
  50  4:01  Probe  
  50  4:05  Probe  
  51  4:13  Nexus  
  51  4:14  Probe, Pylon  
  51  4:16  Assimilator  
  52  4:18  Probe, Assimilator  
  53  4:28  Probe  
  53  4:29  Adept x3  
  53  4:31  Probe  
  59  4:38  Forge  
  59  4:40  Probe  
  59  4:43  Probe  
  61  4:50  Adept x2  
  61  4:52  Adept, Probe  
  68  4:55  Probe  
  68  4:59  Protoss Ground Weapons Level 1 (Chrono Boost)  
  69  5:00  Pylon  
  69  5:05  Probe  
  70  5:10  Pylon  
  70  5:14  Gateway  
  70  5:18  Adept x2, Probe  
  75  5:28  Probe  
  74  5:33  Probe  
  74  5:34  Shield Battery  
  73  5:36  Blink (Chrono Boost)  
  73  5:37  Probe  
  66  5:44  Probe  
  66  5:45  Probe  
  66  5:46  Gateway  
  66  5:48  Gateway  
  68  5:50  Sentry x3  
  68  5:53  Probe  
  75  5:59  Probe, Gateway  
  75  6:03  Probe  
  75  6:06  Probe  
  75  6:11  Probe  
  77  6:13  Gateway, Stalker  
  77  6:16  Stalker x3  
  85  6:21  Probe  
  85  6:23  Probe, Pylon  
  84  6:41  Stalker  
  84  6:42  Stalker x4  
  94  6:51  Probe x2  
  94  6:53  Pylon  
  96  6:58  Pylon  
  92  7:04  Stalker x2  
  95  7:09  Stalker x5  
  95  7:12  Stalker  
  107  7:16  Pylon  
  105  7:25  Pylon  
  105  7:26  Protoss Ground Weapons Level 2 (Chrono Boost)  
  105  7:29  Charge (Chrono Boost)  
  105  7:30  Stalker x2  
  105  7:32  Stalker x4  
  113  7:48  Zealot x2, Gateway  
  117  7:58  Stalker x3  
  117  8:10  Stalker x4  
  123  8:14  Stalker  
  123  8:19  Pylon  
  121  8:24  Nexus  
  117  8:28  Stalker x2  
  117  8:29  Stalker  
  115  8:34  Stalker x2  
  117  8:44  Stalker x2  
  117  8:46  Probe  
  117  8:47  Probe  
  121  8:49  Stalker  
  121  8:51  Probe  
  121  8:54  Zealot  
  121  8:55  Zealot x2  
  130  8:58  Stalker x2  
  130  9:01  Probe  
  131  9:08  Stalker x2  
  133  9:15  Stalker  
  129  9:19  Stalker  
  131  9:27  Stalker x2  
  131  9:28  Probe x2  
  131  9:32  Gateway  
  131  9:34  Gateway  
  131  9:35  Zealot x2  
  133  9:40  Protoss Ground Armor Level 1 (Chrono Boost), Stalker x2  
  137  9:49  Zealot x2  
  137  9:50  Zealot  
  143  9:58  Zealot  
  143  9:59  Zealot x3  
  148  10:12  Stalker  
  148  10:13  Zealot x3  
  148  10:18  Stalker  
  138  10:22  Stalker x3  
  138  10:23  Pylon  
  138  10:26  Assimilator  
  142  10:29  Assimilator  
  142  10:32  Stalker x2  
  136  10:38  Zealot x3  
  142  10:42  Robotics Facility  
  140  10:52  Zealot x5  
  150  10:59  Zealot x3  
  144  11:14  Zealot x7  
  126  11:25  Stalker x4  
  118  11:32  Observer, Robotics Bay  
  117  11:34  Robotics Facility  
  117  11:36  Stalker x2  
  119  11:40  Protoss Ground Weapons Level 3 (Chrono Boost)  
  117  11:52  Pylon  
  115  12:07  Nexus, Zealot x6  
  115  12:08  Pylon  
  127  12:09  Observer (Chrono Boost)  
  128  12:16  Probe  
  129  12:22  Photon Cannon  
  129  12:25  Probe  
  129  12:26  Probe x2  
  138  12:33  Zealot  
  138  12:34  Zealot x3  
  140  12:40  Zealot x2  
  140  12:43  Zealot  
  138  12:45  Zealot x2  
  138  12:56  Disruptor (Chrono Boost), Zealot x2, Pylon  
  138  12:57  Disruptor (Chrono Boost)  
  125  12:59  Zealot x3  
  116  13:08  Zealot x2  
  116  13:09  Pylon  
  110  13:21  Templar Archives, Cybernetics Core, Pylon  
  110  13:24  Assimilator  
  106  13:28  Probe x2, Assimilator  
  106  13:34  Pylon  
  108  13:39  Disruptor x2 (Chrono Boost)  
  114  13:43  Probe  
  113  13:51  Zealot x3  
  119  13:58  High Templar x5  
  119  13:59  High Templar  
  119  14:00  High Templar  
  119  14:02  Probe  
  134  14:08  Archon x2  
  134  14:09  Archon  
  134  14:12  Photon Cannon  
  134  14:13  Pylon  
  134  14:16  High Templar  
  133  14:21  Disruptor x2  
  133  14:23  High Templar x2  
  143  14:24  Archon  
  143  14:28  Probe x3  
  146  14:31  High Templar x2  
  146  14:34  Archon  
  146  14:35  Archon  
  146  14:37  Stalker x2  
  151  14:54  High Templar  
  151  14:55  High Templar  
  143  15:00  Zealot x5  
  131  15:18  High Templar x2  
  131  15:21  Zealot x6  
  139  15:25  Probe  
  139  15:26  Disruptor (Chrono Boost), Probe, Stargate  
  145  15:33  Observer (Chrono Boost)  
  149  15:36  Zealot x2  
  153  15:46  Probe  
  153  15:48  Zealot x2  
  153  15:49  Photon Cannon  
  158  15:51  Shield Battery, Protoss Air Weapons Level 1 (Chrono Boost)  
  158  15:55  Observer  
  144  16:06  Unknown  
  144  16:09  Stargate  
  134  16:11  Stargate  
  133  16:19  Fleet Beacon  
  133  16:20  High Templar x2  
  131  16:58  Disruptor  
  104  17:02  Carrier x3 (Chrono Boost)  
  104  17:07  Zealot x8  
  104  17:08  Zealot x2  
  138  17:10  Psionic Storm  
  138  17:12  Pylon  
  138  17:34  Nexus, Zealot x4  
  138  17:35  Zealot x2, Pylon  
  144  17:42  Observer  
  141  17:46  Stalker x3  
  141  17:54  Zealot  
  140  18:00  High Templar x3  
  140  18:01  High Templar  
  139  18:13  Zealot x3  
  139  18:17  Probe x2  
  112  18:50  Zealot  
Show
View Real Time Build Order
Export as new Build Order

Scarlett Zerg - Winner!

Build Orders: Pool First, Lurkers 

Get SALT Encoding   

  12  0:00  Drone  
  13  0:12  Overlord  
  13  0:17  Drone  
  14  0:31  Drone x2  
  16  0:45  Drone  
  16  0:48  Spawning Pool  
  16  0:49  Drone  
  17  1:12  Drone  
  17  1:15  Drone  
  17  1:17  Hatchery, Extractor  
  17  1:31  Drone  
  18  1:34  Queen  
  18  1:35  Zergling x2  
  21  1:41  Drone  
  22  1:49  Overlord  
  22  2:07  Drone  
  23  2:10  Queen  
  23  2:12  Drone  
  26  2:23  Metabolic Boost  
  26  2:27  Drone  
  26  2:29  Queen  
  29  2:30  Drone  
  30  2:39  Drone  
  30  2:40  Drone  
  30  2:42  Overlord  
  30  2:43  Drone x2  
  34  2:53  Hatchery  
  34  2:57  Drone  
  34  2:59  Drone  
  34  3:00  Drone  
  36  3:08  Overlord  
  38  3:12  Queen  
  38  3:18  Zergling x6  
  41  3:23  Drone x3  
  41  3:26  Overlord  
  44  3:31  Overlord  
  44  3:42  Drone x5  
  44  3:45  Queen  
  51  3:48  Overlord  
  51  3:55  Zergling x8  
  54  4:01  Zergling x2  
  52  4:07  Zergling x2  
  52  4:08  Zergling x2  
  52  4:09  Drone  
  55  4:14  Drone x3  
  58  4:18  Drone x2  
  58  4:23  Drone x4  
  64  4:27  Drone  
  64  4:29  Roach Warren  
  64  4:30  Queen, Extractor  
  65  4:32  Drone  
  65  4:34  Queen  
  68  4:40  Drone x4  
  72  4:46  Drone x3  
  72  4:52  Overlord  
  74  4:55  Overlord  
  74  4:59  Spore Crawler  
  73  5:01  Spore Crawler  
  73  5:02  Zergling x12  
  80  5:11  Roach x3  
  86  5:19  Roach x2, Overlord  
  90  5:22  Lair  
  88  5:28  Drone x7  
  88  5:30  Spore Crawler x3  
  87  5:37  Zergling x2  
  87  5:38  Zergling x8  
  83  5:44  Roach x3  
  83  5:48  Extractor x2  
  85  5:50  Evolution Chamber  
  85  5:52  Zergling x2  
  85  5:54  Zergling x2  
  85  5:55  Zergling x6  
  85  5:56  Zergling x2  
  90  6:05  Drone x3  
  90  6:07  Queen  
  90  6:08  Queen  
  97  6:12  Hatchery  
  97  6:13  Drone x3  
  97  6:16  Zerg Missile Weapons Level 1  
  99  6:18  Extractor  
  99  6:22  Overseer  
  99  6:23  Overlord  
  98  6:27  Roach x4  
  98  6:31  Glial Reconstitution  
  98  6:32  Overlord x3  
  105  6:34  Overseer  
  105  6:38  Extractor, Overlord  
  104  6:40  Overlord  
  104  6:43  Ravager x4  
  107  6:48  Roach  
  107  6:49  Roach x2  
  107  6:52  Zergling x10  
  110  7:06  Roach x7  
  110  7:07  Roach  
  123  7:15  Ravager  
  124  7:23  Ravager x2  
  124  7:28  Drone x3  
  124  7:29  Drone x2  
  131  7:31  Drone x3  
  131  7:33  Overlord  
  131  7:35  Roach x3  
  137  7:43  Ravager, Overlord  
  138  7:50  Roach x3  
  144  7:53  Zergling x16  
  146  7:59  Roach x2  
  140  8:09  Roach x3  
  140  8:12  Zerg Missile Weapons Level 2  
  140  8:13  Roach  
  140  8:16  Hydralisk Den  
  140  8:19  Roach x4  
  149  8:20  Ravager  
  149  8:21  Ravager  
  149  8:22  Queen  
  151  8:27  Roach x2  
  145  8:34  Ravager  
  145  8:35  Ravager  
  145  8:40  Roach  
  145  8:41  Roach x3  
  153  8:45  Roach x2  
  153  8:46  Ravager  
  155  8:51  Roach x2  
  155  8:52  Roach x4  
  155  8:53  Overlord x6  
  167  9:00  Ravager  
  168  9:09  Zergling x14  
  167  9:10  Ravager  
  164  9:23  Drone x7  
  168  9:28  Ravager  
  168  9:30  Infestation Pit  
  160  9:32  Lurker Den  
  160  9:34  Roach x6  
  168  9:43  Drone x2  
  168  9:44  Spore Crawler  
  168  9:46  Spine Crawler  
  168  9:47  Drone x9  
  168  9:49  Ravager  
  168  9:52  Queen  
  175  10:01  Roach x6  
  184  10:10  Roach x4  
  184  10:13  Roach  
  184  10:14  Roach x3  
  182  10:23  Roach x6  
  186  10:34  Roach x3  
  186  10:35  Roach x3  
  187  10:38  Hive  
  187  10:41  Hydralisk x3  
  193  10:43  Zerg Ground Armor Level 1  
  193  10:45  Extractor  
  193  10:46  Extractor  
  182  10:52  Hydralisk x2  
  182  10:56  Roach  
  182  10:57  Roach x3  
  173  11:14  Roach  
  173  11:15  Roach x10  
  173  11:18  Roach  
  173  11:24  Lurker  
  164  11:27  Queen x2, Roach x3, Spine Crawler  
  164  11:28  Spine Crawler x2  
  164  11:32  Spine Crawler  
  168  11:33  Roach, Spine Crawler  
  168  11:34  Spine Crawler  
  168  11:44  Hydralisk x3  
  168  11:45  Hydralisk  
  170  11:53  Drone x3  
  173  12:04  Seismic Spines  
  173  12:09  Hydralisk x6  
  173  12:12  Lurker x3  
  188  12:18  Drone x2  
  188  12:20  Spine Crawler x2  
  188  12:22  Grooved Spines  
  188  12:27  Hydralisk x4  
  188  12:28  Zergling x6  
  170  13:01  Lurker x7, Hatchery  
  158  13:09  Hydralisk x5  
  143  13:20  Zerg Missile Weapons Level 3  
  143  13:26  Zergling x32  
  157  13:30  Queen  
  159  13:40  Adaptive Talons  
  159  13:49  Extractor x2  
  159  13:50  Adrenal Glands  
  157  13:55  Drone  
  157  13:56  Drone x2  
  157  13:57  Drone x3  
  157  13:58  Viper  
  157  13:59  Viper  
  169  14:12  Viper x2  
  169  14:14  Zergling x26  
  180  14:20  Overseer  
  180  14:26  Spore Crawler  
  180  14:27  Drone x7, Spine Crawler  
  180  14:28  Spine Crawler  
  180  14:29  Spine Crawler  
  183  14:42  Hydralisk x8  
  189  15:02  Hydralisk x6  
  189  15:03  Hydralisk  
  193  15:14  Hydralisk x9  
  170  15:18  Roach x2  
  190  15:30  Drone x6  
  196  15:44  Lurker x3  
  199  15:56  Muscular Augments  
  192  16:19  Roach x3  
  192  16:24  Lurker  
  199  16:29  Zerg Ground Armor Level 2  
  199  16:42  Hatchery  
  181  17:05  Roach x8  
  181  17:06  Roach  
  199  17:20  Lurker, Unknown  
  199  17:21  Pneumatized Carapace  
  199  17:23  Drone  
  199  17:24  Spire  
  199  17:33  Spine Crawler x2  
  199  17:34  Spine Crawler  
  196  17:40  Lurker  
  196  17:41  Lurker x3  
  191  17:53  Hydralisk x6  
  198  18:16  Spire  
  198  18:19  Hydralisk x2  
  193  18:27  Hydralisk x6  
Tags
 
Add a new tag
Caveats
  • Supply blocks, unpowered buildings, or Contaminate may cause inaccurate times.
  • Supply counts are checked every 10 seconds.